 Dungeon Crawl Stone Soup version 0.17.0-25-gefc9c12 (webtiles) character file.

95 septik the Firebug (level 4, -1/24 HPs)
             Began as a Deep Elf Fire Elementalist on Nov 19, 2015.
             Killed by divine providence
             ... invoked by an orc priest
              (14 damage)
             ... on level 3 of the Dungeon.
             The game lasted 00:05:48 (1757 turns).

septik the Firebug (Deep Elf Fire Elementalist)     Turns: 1757, Time: 00:05:48

Health: -1/24      AC:  4    Str:  5    XL:     4   Next: 39%
Magic:  6/11       EV: 13    Int: 21    God:
Gold:   86         SH:  0    Dex: 15    Spells: 1 memorised, 9 levels left

rFire  . . .     SeeInvis .     h - +0 short sword
rCold  . . .     Clarity  .     a - +0 robe
rNeg   . . .     SustAt   .     (no shield)
rPois  .         Gourm    .     q - +0 helmet (curse)
rElec  .         Spirit   .     r - +0 cloak
rCorr  .         Warding  .     (no gloves)
rMut   .         Stasis   .     (no boots)
MR     .....                    (no amulet)
Stlth  ++........               (no ring)
                                (no ring)

@: not resistant to hostile enchantments, unstealthy
A: no striking features
a: no special abilities


You were on level 3 of the Dungeon.
You were not hungry.

You visited 1 branch of the dungeon, and saw 3 of its levels.

You collected 86 gold pieces.

Inventory:

Hand Weapons
 h - a +0 short sword (weapon)
Missiles
 g - 107 stones (quivered)
Armour
 a - a +0 robe (worn)
 q - a cursed +0 helmet (worn)
 r - a +0 cloak (worn)
Scrolls
 i - 2 scrolls of amnesia
 j - 2 scrolls of identify {unknown}
 l - a scroll of fear {unknown}
 m - 3 scrolls of enchant armour {unknown}
Potions
 e - a potion of invisibility {unknown}
 n - a potion of agility {unknown}
 o - a potion of curing {unknown}
 p - a potion of might {unknown}
Books
 b - a book of Flames

   Spells                             Type                      Level
   a - Flame Tongue                   Conjuration/Fire             1
   b - Throw Flame                    Conjuration/Fire             2
   c - Conjure Flame                  Conjuration/Fire             3
   d - Inner Flame                    Hexes/Fire                   3
   e - Sticky Flame                   Conjuration/Fire             4
   f - Fireball                       Conjuration/Fire             5
 s - a book of Hinderance

   Spells                             Type                      Level
   a - Confusing Touch                Hexes                        2
   b - Confuse                        Hexes                        3
   c - Gell's Gravitas                Hexes/Translocation          3
   d - Petrify                        Transmutation/Earth          4
   e - Metabolic Englaciation         Hexes/Ice                    5
Comestibles
 c - 3 bread rations
 d - 11 chunks of flesh
 f - a beef jerky
 k - a meat ration


   Skills:
 - Level 2.4 Dodging
 - Level 2.4 Stealth
 + Level 3.9 Spellcasting
 * Level 2.7 Conjurations
 * Level 4.6 Fire Magic


You had 9 spell levels left.
You knew the following spells:

 Your Spells              Type           Power        Failure   Level  Hunger
a - Flame Tongue          Conj/Fire      ###..        2%          1    None


Dungeon Overview and Level Annotations

Branches:
Dungeon (3/15)

Altars:

Annotations:
D:2 1 exclusion


Message History

The orc priest miscasts a cantrip.
The orc hits you from afar with a trident.
Casting: Flame Tongue
Confirm with . or Enter, or press ? or * to list all spells.
Aiming: Flame Tongue
Press: ? - help, Shift-Dir - straight line, f/p - orc priest
Aim: an orc priest, wielding a dagger (almost dead)
The flame tongue hits the orc.
The orc appears unharmed.
Casting: Flame Tongue
Confirm with . or Enter, or press ? or * to list all spells.
Aiming: Flame Tongue
Press: ? - help, Shift-Dir - straight line, f/p - orc priest
Aim: an orc priest, wielding a dagger (almost dead)
The flame tongue hits the orc.
The orc appears unharmed.
The orc hits you with a flail.
The orc hits you from afar with a trident.
The orc priest mumbles some strange prayers to Beogh against you.
Something smites you!
Ouch! That really hurt!
You die...

..## #+ .... ... ...
.... #.### .....
##...#
.....o####....####
.....oo@..........
.....o####...####
..... ##..# ....
##.# ... #.# #+ #.#
#### #.# #)# ...
#.##########.#
####.##..(...>.))(.#


You could see an orc priest and 3 orcs.

Vanquished Creatures
  A gnoll (D:1)
  An adder (D:3)
  5 orcs (D:3)
  A giant cockroach (D:2)
  7 goblins
  12 hobgoblins
  13 jackals
  5 bats
  2 giant geckos
  2 giant newts
  6 kobolds
  10 rats
65 creatures vanquished.

Notes
Turn   | Place    | Note
--------------------------------------------------------------
     0 | D:1      | septik the Deep Elf Fire Elementalist began the quest for the Orb.
     0 | D:1      | Reached XP level 1. HP: 10/10 MP: 6/6
    69 | D:1      | Reached XP level 2. HP: 9/15 MP: 0/8
   436 | D:1      | Reached XP level 3. HP: 13/19 MP: 4/9
   626 | D:1      | Reached skill level 4 in Fire Magic
  1481 | D:3      | Reached XP level 4. HP: 21/24 MP: 6/11
  1757 | D:3      | Killed from afar by an orc priest

Action                   |  1- 3 |  4- 6 || total
-------------------------+-------+-------++-------
Melee: Club              |     6 |       ||     6
       Unarmed           |     2 |       ||     2
       Short sword       |     5 |       ||     5
 Cast: Flame Tongue      |    95 |    26 ||   121
  Use: Scroll            |     4 |       ||     4
  Eat: Chunk             |     2 |       ||     2
